 Dungeon Crawl Stone Soup version 0.17-a0-1941-gcc30b76 (webtiles) character file.

22276 Kusio the Shatterer (level 12, 0/195 HPs)
             Began as an Ogre Berserker on Sept 30, 2015.
             Was a High Priest of Trog.
             Slain by a freezing wraith (20 damage)
             ... in an ice cave.
             The game lasted 00:59:05 (12338 turns).

Kusio the Shatterer (Ogre Berserker)               Turns: 12338, Time: 00:59:05

Health: 0/195      AC:  9    Str: 30    XL:     12   Next: 98%
Magic:  12/12      EV: 15    Int:  6    God:    Trog [*****.]
Gold:   345        SH:  0    Dex: 13    Spells: 0 memorised, 11 levels left

rFire  . . .     SeeInvis .     B - +0 giant spiked club (curse)
rCold  . . .     Rnd*Rage +     R - +0 troll leather armour {Snorg}
rNeg   . . .     SustAt   .     (no shield)
rPois  +         Gourm    .     H - +0 hat
rElec  .         Spirit   .     w - +2 cloak
rCorr  .         Warding  .     (gloves unavailable)
rMut   .         Stasis   .     (boots unavailable)
MR     ++...                    q - amulet of faith
Stlth  ..........               y - +2 ring of evasion
                                K - ring of protection from magic

@: berserking (expiring), very quick, very resistant to hostile enchantments,
extremely unstealthy
A: unfitting armour, antennae 1, claws 1, molten scales 1, berserk 1, poison
resistance, regeneration 1, tough skin 1
a: Burn Spellbooks, Berserk, Trog's Hand, Brothers in Arms, Renounce Religion


You were in an ice cave.
You worshipped Trog.
Trog was extremely pleased with you.
You were not hungry.

You visited 3 branches of the dungeon, and saw 15 of its levels.
You also visited: Labyrinth, Ossuary and Ice Cave.

You collected 755 gold pieces.
You spent 410 gold pieces at shops.

Inventory:

Hand weapons
 f - a +2 antimagic great mace
 B - a cursed +0 giant spiked club (weapon)
 S - a +2 antimagic dire flail
Missiles
 z - 3 silver javelins (quivered)
Armour
 w - a +2 cloak (worn)
 H - a +0 hat (worn)
 R - a +0 troll leather armour (worn) {Snorg}
Jewellery
 o - a +2 ring of strength
 q - an amulet of faith (around neck)
 x - the ring of Inidomi {*Corrode rPois rF+++ Dex+3 Slay+4}
   (You bought it in a shop on level 11 of the Dungeon)

   [ring of poison resistance]

   It affects your dexterity (+3).
   It affects your accuracy and damage with ranged weapons and melee attacks
   (+4).
   It renders you almost immune to fire.
   It protects you from poison.
   It may corrode your equipment when you take damage.
 y - a +2 ring of evasion (right claw)
 A - an uncursed amulet of regeneration {unknown}
 K - a ring of protection from magic (left claw)
 M - an uncursed ring of magical power {unknown}
Magical devices
 b - a wand of cold (4)
 d - a wand of polymorph (10)
 v - a wand of teleportation (6)
 D - a wand of polymorph (9)
 F - a wand of polymorph (13)
 O - a wand of draining (13)
 Q - a wand of paralysis (20)
Scrolls
 e - 4 scrolls of fog
 l - a scroll of torment
 n - 2 scrolls of blinking
 p - 2 scrolls of enchant weapon
 r - 2 scrolls of teleportation
 t - 5 scrolls of remove curse
 C - 3 scrolls of recharging
Potions
 g - 4 potions of flight
 h - 4 potions of heal wounds
 j - 5 potions of curing
 k - 3 potions of agility
 m - 3 potions of invisibility
 s - 2 potions of haste
 u - a potion of ambrosia
 E - a potion of cancellation
 G - a potion of brilliance
 I - 2 potions of resistance
 N - 2 potions of poison
Books
 a - a book of Debilitation

   Spells                             Type                      Level
   a - Corona                         Hexes                        1
   b - Slow                           Hexes                        2
   c - Gell's Gravitas                Hexes/Translocation          3
   d - Inner Flame                    Hexes/Fire                   3
   e - Cause Fear                     Hexes                        4
   f - Leda's Liquefaction            Hexes/Earth                  4
   Trog disapproves of the use of such an item.
Miscellaneous
 P - a lantern of shadows
Comestibles
 c - 10 bread rations
 i - 2 meat rations
 L - 9 slices of pizza


   Skills:
 - Level 11.4 Fighting
 + Level 21.6 Maces & Flails
 + Level 1.5 Throwing
 - Level 8.2 Dodging


You had 11 spell levels left.
You didn't know any spells.

Dungeon Overview and Level Annotations

Branches:
Dungeon (13/15)            Temple (0/1) D:6            Lair (1/8) D:8
    Orc (1/4) D:9
 Vaults: D:13-14

Altars:
Ashenzari
Fedhas
Nemelex Xobeh
Qazlal
Ru
Zin

Shops:
D:6 :   D:7 !   D:8 *   D:11 *%*=

Annotations:
D:2 Sigmund


Innate Abilities, Weirdness & Mutations

You are too large for most types of armour.
You have tough skin (AC +1).
You have a pair of small antennae on your head.
You have sharp fingernails.
You are partially covered in molten scales (AC +1).
You tend to lose your temper in combat.
Your system is resistant to poisons.
Your natural rate of healing is unusually fast.


Message History

The freezing wraith barely misses you.
You impale the freezing wraith!!
The freezing wraith is severely damaged.
The freezing wraith hits you. The freezing wraith freezes you!
* * * LOW HITPOINT WARNING * * *
The freezing wraith hits you.
* * * LOW HITPOINT WARNING * * *
You hit the freezing wraith.
The freezing wraith is severely damaged.
The freezing wraith hits you!
* * * LOW HITPOINT WARNING * * *
The freezing wraith freezes you!
* * * LOW HITPOINT WARNING * * *
The freezing wraith barely misses you.
You closely miss the freezing wraith.
The freezing wraith is severely damaged.
The freezing wraith hits you!
* * * LOW HITPOINT WARNING * * *
The freezing wraith freezes you!!
You die...

####...### ###...#
##....#
##........###....##
###..# .
##...............##
##...# .
#.............####
###...## .
#............##
###...### ##.
##..........##
###...### ##ZZ
##.#....#.##
###....## #####.W5
####..#### ##....###
##.##.ZW# #..##
##W@.### ##...##{..
##..##
#.W########..#.W###.
##..#
##.{###.....###..WW.
##...# ##........##
##...# ##...##
#.........########
#...## #...5Z....?[#
#...## #...........#
##...# ##.......####
##...## ###...###


You could see 2 freezing wraiths.

Vanquished Creatures
  Snorg (D:11)
  A minotaur (Lab)
  A hydra (D:12)
  Erolcha (D:12)
  4 hill giants
  The ghost of megamayne420 the Basher, an experienced OgBe of Trog (D:8)
  The ghost of Hanibal the Cutter, an experienced KoBe of Trog (D:4)
  A gargoyle (D:11)
  A black mamba (Lair:1)
  A spiny frog (Lair:1)
  7 freezing wraiths (IceCv)
  5 slime creatures (D:12)
  21 yaks
  A shadow (D:11)
  A spriggan (D:8)
  3 wyverns
  A trapdoor spider (D:11)
  Menkaure (Ossuary)
  A death yak simulacrum (IceCv)
  4 vampire mosquitoes
  A hippogriff (Lair:1)
  2 water moccasins
  A porcupine (Lair:1)
  Duvessa (D:7)
  16 ice beasts
  3 phantoms
  4 sky beasts
  A black bear (D:6)
  2 orc warriors
  2 ogres
  8 giant frogs
  3 crocodiles (Lair:1)
  5 centaurs
  A brain worm (D:13)
  A water moccasin zombie (D:6)
  An earth elemental (Lab)
  A scorpion (D:5)
  Dowan (D:7)
  An elephant simulacrum (IceCv)
  A spriggan skeleton (Lab)
  3 wights (D:7)
  2 swamp dragon simulacra (IceCv)
  6 centaur zombies
  3 killer bees (D:12)
  A draconian simulacrum (IceCv)
  3 giant frog skeletons
  9 crimson imps
  An orc priest (D:13)
  A quasit (D:10)
  Crazy Yiuf (D:2)
  A human zombie (Ossuary)
  6 hounds
  2 centaur skeletons
  4 iguanas
  16 worker ants
  Natasha (D:3)
  8 orc wizards
  A troll simulacrum (IceCv)
  2 big kobold zombies (Ossuary)
  2 ogre zombies (Ossuary)
  A centaur simulacrum (IceCv)
  2 hound skeletons
  7 mummies
  Robin (D:4)
  A gnoll (D:1)
  A worker ant zombie (D:8)
  3 shadow imps
  10 adders
  8 white imps (IceCv)
  4 adder skeletons
  3 adder zombies
  4 giant geckos
  39 orcs
  2 ball pythons (D:1)
  5 bats
  4 giant cockroaches
  9 hobgoblins
  7 jackals
  4 giant newts
  15 goblins
  3 hobgoblin zombies (Ossuary)
  3 kobolds
  8 kobold zombies
  3 orc zombies
  2 quokkas
  5 quokka zombies
  6 rats
  2 rat zombies (Ossuary)
  3 fungi (D:8)
352 creatures vanquished.

Vanquished Creatures (others)
  2 plants (Lair:1)
2 creatures vanquished.

Grand Total: 354 creatures vanquished

Notes
Turn   | Place    | Note
--------------------------------------------------------------
     0 | D:1      | Kusio the Ogre Berserker began the quest for the Orb.
     0 | D:1      | Reached XP level 1. HP: 24/24 MP: 1/1
   140 | D:1      | Reached XP level 2. HP: 21/32 MP: 2/2
   201 | D:1      | Reached skill level 5 in Maces & Flails
   296 | D:1      | Reached XP level 3. HP: 31/39 MP: 3/3
   383 | D:1      | Acquired Trog's second power
   957 | D:2      | Reached skill level 6 in Maces & Flails
  1243 | D:2      | Noticed Sigmund
  1474 | D:2      | Noticed Crazy Yiuf
  1482 | D:2      | Killed Crazy Yiuf
  1482 | D:2      | Reached XP level 4. HP: 48/48 MP: 4/4
  1713 | D:3      | Reached skill level 7 in Maces & Flails
  2118 | D:3      | Noticed Natasha
  2125 | D:3      | Killed Natasha
  2125 | D:3      | Reached XP level 5. HP: 54/54 MP: 5/5
  2453 | D:4      | Noticed Hanibal's ghost (experienced KoBe)
  2468 | D:4      | Killed Hanibal's ghost
  2468 | D:4      | Reached skill level 10 in Maces & Flails
  2468 | D:4      | Reached XP level 6. HP: 57/62 MP: 6/6
  2468 | D:4      | Reached XP level 7. HP: 64/70 MP: 7/7
  2625 | D:4      | Noticed Robin
  2646 | D:4      | Killed Robin
  2702 | D:4      | Acquired Trog's third power
  2926 | D:5      | Entered Level 5 of the Dungeon
  2971 | D:5      | Reached skill level 11 in Maces & Flails
  3359 | D:5      | Reached XP level 8. HP: 49/78 MP: 8/8
  3441 | D:5      | Reached skill level 12 in Maces & Flails
  3503 | D:5      | Found a sand-covered staircase.
  3512 | Ossuary  | Entered an ossuary
  4127 | Ossuary  | Noticed Menkaure
  4146 | Ossuary  | Killed Menkaure
  4211 | Ossuary  | Reached skill level 13 in Maces & Flails
  4459 | D:5      | Reached XP level 9. HP: 84/105 MP: 9/9
  5049 | D:6      | Found a staircase to the Ecumenical Temple.
  5076 | D:6      | Found a glowing silver altar of Zin.
  5091 | D:6      | You fall through a shaft for 3 floors!
  5097 | D:10     | Entered Level 10 of the Dungeon
  5160 | D:10     | Reached skill level 14 in Maces & Flails
  5171 | D:9      | Found a stormy altar of Qazlal.
  5208 | D:10     | Reached XP level 10. HP: 74/114 MP: 10/10
  5512 | D:9      | Found a staircase to the Orcish Mines.
  5517 | Orc:1    | Entered Level 1 of the Orcish Mines
  5766 | D:8      | Noticed megamayne420's ghost (experienced OgBe)
  5870 | D:8      | Killed megamayne420's ghost
  5951 | D:8      | Reached skill level 15 in Maces & Flails
  6332 | D:8      | Found Teug's General Store.
  6355 | D:8      | Bought a potion of haste for 100 gold pieces
  6370 | D:8      | Found a staircase to the Lair.
  6838 | D:6      | Found Imog's Book Emporium.
  6913 | D:6      | Found a glowing silver altar of Zin.
  7028 | D:7      | Found a sparkling altar of Nemelex Xobeh.
  7050 | D:7      | Found Zinuseir's Distillery.
  7058 | D:7      | Bought a potion of poison for 12 gold pieces
  7058 | D:7      | Bought a potion of mutation for 30 gold pieces
  7058 | D:7      | Bought a potion of resistance for 120 gold pieces
  7058 | D:7      | Gained mutation: Your natural rate of healing is unusually fast. [potion of mutation]
  7058 | D:7      | Gained mutation: Your system is resistant to poisons. [potion of mutation]
  7058 | D:7      | Gained mutation: Your mind is acute. (Int +2) [potion of mutation]
  7059 | D:7      | Gained mutation: You tend to lose your temper in combat. [potion of mutation]
  7205 | D:7      | Gained mutation: You have sharp fingernails. [mutagenic meat]
  7363 | D:7      | Found a sacrificial altar of Ru.
  7434 | D:7      | Reached skill level 16 in Maces & Flails
  7607 | D:7      | Noticed Dowan
  7609 | D:7      | Noticed Duvessa
  7616 | D:7      | Killed Dowan
  7631 | D:7      | Killed Duvessa
  7675 | D:7      | Received a gift from Trog
  7721 | D:7      | Found a glowing silver altar of Zin.
  7741 | D:7      | Reached XP level 11. HP: 120/120 MP: 11/11
  8282 | D:9      | Noticed a hill giant
  8293 | D:9      | Killed a hill giant
  8293 | D:9      | Reached skill level 17 in Maces & Flails
  8353 | D:9      | Found a blossoming altar of Fedhas.
  9253 | D:11     | Found Ypyomiunt's General Store.
  9253 | D:11     | Noticed Snorg
  9272 | D:11     | Killed Snorg
  9307 | D:11     | Bought a scroll of identify for 28 gold pieces
  9370 | D:11     | Noticed a hill giant
  9378 | D:11     | Killed a hill giant
  9378 | D:11     | Reached skill level 18 in Maces & Flails
  9546 | D:11     | Found Huwui's Jewellery Shoppe.
  9681 | D:11     | Found Ceofawk's Food Emporium.
  9714 | D:11     | Found Ges Hagg's Assorted Antiques.
  9728 | D:11     | Bought a steaming copper ring for 120 gold pieces
  9729 | D:11     | Identified the ring of Inidomi {*Corrode rPois rF+++ Dex+3 Slay+4} (You bought it in a shop on level 11 of the Dungeon)
  9859 | D:12     | Found a shattered altar of Ashenzari.
 10301 | D:12     | Received a gift from Trog
 10373 | D:12     | Reached skill level 19 in Maces & Flails
 10422 | D:12     | Reached XP level 12. HP: 120/130 MP: 4/12
 10510 | D:12     | Noticed a hill giant
 10521 | D:12     | Killed a hill giant
 10606 | D:12     | Noticed a hill giant
 10620 | D:12     | Killed a hill giant
 10722 | D:12     | Noticed Erolcha
 10728 | D:12     | Killed Erolcha
 10910 | D:13     | Lost mutation: Your mind is acute. (Int +2) [potion of mutation]
 10910 | D:13     | Gained mutation: You are partially covered in molten scales (AC +1). [potion of mutation]
 10910 | D:13     | Gained mutation: You have a pair of small antennae on your head. [potion of mutation]
 10991 | D:13     | Noticed a seven-headed hydra
 10993 | D:13     | Noticed a centaur warrior
 11006 | D:12     | Killed a seven-headed hydra
 11006 | D:12     | Reached skill level 20 in Maces & Flails
 11200 | Lair:1   | Entered Level 1 of the Lair of Beasts
 11284 | Lair:1   | Found a labyrinth entrance.
 11289 | Lab      | Entered a labyrinth
 11547 | Lab      | Noticed a minotaur
 11551 | Lab      | Killed a minotaur
 11734 | Lair:1   | Received a gift from Trog
 11784 | Lair:1   | Found a frozen archway.
 11792 | Lair:1   | Reached skill level 21 in Maces & Flails
 11806 | IceCv    | Entered an ice cave
 12051 | IceCv    | Reached skill level 1 in Throwing
 12216 | IceCv    | Found an ancient bone altar of Kikubaaqudgha.
 12338 | IceCv    | Slain by a freezing wraith

Vault maps used:
D:1:      dpeg_arrival_signposts
D:2:      uniq_sigmund, uniq_crazy_yiuf_cottage
D:3:      guppyfry_early_lair_pool, uniq_natasha
D:4:      eino_small_chamber_without_monster, uniq_robin
D:5:      nicolae_overflow_hidden_temple, nicolae_ossuary_entry_giza,
          first_bread
D:6:      minmay_temple_entry_junction, serial_shops, nicolae_shop_behind_doors,
          hangedman_feature_mirror
D:7:      zin_statuary, serial_shops, shop, basic_altar,
          nemelex_spade_bored_becter, uniq_duvessa
D:8:      dpeg_oklobed_lair, serial_shops, shop, grunt_pizzeria
D:9:      grunt_temple_overflow_forces_of_nature, orc_0_dummy
D:10:     lemuel_upstairs_altar
D:11:     serial_shops, shop, nicolae_shop_trees, shop_statue,
          kennysheep_little_box, uniq_snorg
D:12:     basic_altar, uniq_erolcha
D:13:     david_vaults_4, nicolae_trove_entry_crystal, basic_altar
Lair:1:   lab_entry_generic, portal_ice_cave_entry_ice_beasts,
          grunt_forest_small_clearings, grunt_forest_large_clearing_hut
Orc:1:    serial_shops, nicolae_shop_stone
Lab:      nicolae_lab_garden, nicolae_lab_hexagon, labyrinth_skeletal_remains
Ossuary:  ossuary_boxes_badplayer
IceCv:    ice_cave_small_necro

Action                   |  1- 3 |  4- 6 |  7- 9 | 10-12 || total
-------------------------+-------+-------+-------+-------++-------
Melee: Mace              |   142 |    68 |   434 |   620 ||  1264
       Great mace        |       |       |       |   100 ||   100
       Giant spiked club |       |       |       |   173 ||   173
Throw: Javelin           |       |       |       |     5 ||     5
Invok: Berserk           |     4 |     2 |     2 |    20 ||    28
       Burn Spellbooks   |       |       |       |     1 ||     1
       Brothers in Arms  |       |       |       |     2 ||     2
Evoke: Wand              |       |       |       |     1 ||     1
  Use: Scroll            |     3 |     4 |    10 |    10 ||    27
       Potion            |     1 |       |     7 |     6 ||    14
 Stab: Sleeping          |     2 |       |     2 |     1 ||     5
  Eat: Chunk             |     3 |     6 |     4 |    41 ||    54
       Pizza             |     1 |       |       |     1 ||     2
       Fruit             |       |       |     2 |     8 ||    10
       Meat ration       |       |       |     1 |     1 ||     2
       Beef jerky        |       |       |     1 |     1 ||     2
